 Dungeon Crawl Stone Soup version 0.17-a0-2147-gfb20a63 (webtiles) character file.

84 radek the Conjurer (level 4, 0/24 HPs)
             Began as a Deep Elf Conjurer on Oct 24, 2015.
             Killed from afar by Robin (2 damage)
             ... with a wand of magic darts
             ... on level 2 of the Dungeon.
             The game lasted 00:10:24 (2670 turns).

radek the Conjurer (Deep Elf Conjurer)              Turns: 2670, Time: 00:10:24

Health: 0/24       AC:  2    Str:  6    XL:     4   Next: 24%
Magic:  7/10       EV: 13    Int: 20    God:
Gold:   79         SH:  0    Dex: 15    Spells: 1 memorised, 8 levels left

rFire  . . .     SeeInvis .     k - +1 dagger (venom)
rCold  . . .     Clarity  +     a - +0 robe
rNeg   . . .     SustAt   +     (no shield)
rPois  .         Gourm    .     (no helmet)
rElec  .         Spirit   .     (no cloak)
rCorr  .         Warding  .     (no gloves)
rMut   .         Stasis   .     (no boots)
MR     .....                    j - amulet of clarity
Stlth  ++........               (no ring)
                                f - ring of sustain attributes

@: not resistant to hostile enchantments, unstealthy
A: no striking features
a: no special abilities


You were on level 2 of the Dungeon.
You were not hungry.

You visited 1 branch of the dungeon, and saw 2 of its levels.

You collected 79 gold pieces.

Inventory:

Hand Weapons
 k - a +1 dagger of venom (weapon)
Armour
 a - a +0 robe (worn)
Jewellery
 f - a ring of sustain attributes (left hand)
 j - an amulet of clarity (around neck)
Scrolls
 e - a scroll of identify {unknown}
 g - a scroll of blinking {unknown}
Potions
 d - a potion of cancellation {unknown}
 i - a potion of poison {unknown}
Books
 b - a book of Conjurations

   Spells                             Type                      Level
   a - Magic Dart                     Conjuration                  1
   b - Searing Ray                    Conjuration                  2
   c - Dazzling Spray                 Conjuration/Hexes            3
   d - Fulminant Prism                Conjuration/Hexes            4
   e - Iskenderun's Mystic Blast      Conjuration                  4
   f - Iskenderun's Battlesphere      Conjuration/Charms           5
Comestibles
 c - a bread ration


   Skills:
 - Level 2.4 Dodging
 - Level 2.4 Stealth
 - Level 3.0 Spellcasting
 + Level 6.3 Conjurations


You had 8 spell levels left.
You knew the following spells:

 Your Spells              Type           Power        Failure   Level  Hunger
a - Magic Dart            Conj           ####         1%          1    None


Dungeon Overview and Level Annotations

Branches:
Dungeon (2/15)

Altars:
Xom

Annotations:
D:2 Robin


Message History

Aiming: Magic Dart
Press: ? - help, Shift-Dir - straight line, f/p - Robin
Aim: Robin, wielding a dagger, wearing an animal skin, wearing a glowing helmet and carrying a wand of magic darts {zapped: 6} (moderately wounded)
The magic dart hits Robin.
Robin is moderately wounded.
Casting: Magic Dart
Confirm with . or Enter, or press ? or * to list all spells.
Aiming: Magic Dart
Press: ? - help, Shift-Dir - straight line, f/p - Robin
Aim: Robin, wielding a dagger, wearing an animal skin, wearing a glowing helmet and carrying a wand of magic darts {zapped: 6} (moderately wounded)
The magic dart hits Robin.
Robin is heavily wounded.
Robin zaps a wand.
The magic dart hits you!
Robin zaps a wand.
The magic dart hits you!
Robin zaps a wand.
The magic dart hits you!
* * * LOW HITPOINT WARNING * * *
Robin zaps a wand.
The magic dart hits you!
* * * LOW HITPOINT WARNING * * *
Robin zaps a wand.
The magic dart hits you!
You die...

##.##....#....#.#.########
.........#..#............#
........##.g#.#.#......#.#
......>..#....#.######.#.#
......#..##......# #.#.#
.................# #.#.#
#####..........#.#####.#.#
##.#..#..............#
#.#.......#@#######รท#
#.#....####.# #.#
######......##.#.# #.#
.....###..(....#.# #.#
.....# #.#..##.#.# #.#
[....###.#...#.#.# #.#
...........#.#.#.# #.#
.....###.......#.#######.#
###........(.............###


You could see Robin.

Vanquished Creatures
  An adder (D:2)
  2 worms (D:2)
  4 giant geckos (D:2)
  An orc (D:2)
  2 ball pythons
  12 goblins
  7 hobgoblins (D:2)
  9 jackals
  5 bats
  3 giant cockroaches
  6 kobolds
  2 quokkas (D:2)
  9 rats
63 creatures vanquished.

Notes
Turn   | Place    | Note
--------------------------------------------------------------
     0 | D:1      | radek the Deep Elf Conjurer began the quest for the Orb.
     0 | D:1      | Reached XP level 1. HP: 10/10 MP: 6/6
   279 | D:1      | Reached XP level 2. HP: 15/15 MP: 1/8
   288 | D:1      | Reached skill level 5 in Conjurations
  1161 | D:2      | Reached XP level 3. HP: 19/19 MP: 3/9
  1573 | D:2      | Found a shimmering altar of Xom.
  1592 | D:2      | Found a shimmering altar of Xom.
  1592 | D:2      | Found a shimmering altar of Xom.
  1593 | D:2      | Found a shimmering altar of Xom.
  1593 | D:2      | Found a shimmering altar of Xom.
  1593 | D:2      | Found a shimmering altar of Xom.
  1628 | D:2      | Reached skill level 6 in Conjurations
  1922 | D:2      | Noticed Robin
  1932 | D:2      | Reached XP level 4. HP: 18/24 MP: 1/10
  2670 | D:2      | Killed from afar by Robin

Vault maps used:
D:1:      minmay_arrival_five_plusses
D:2:      xom_redecorated, kiku_gazebo_pond_becter, uniq_robin

Action                   |  1- 3 |  4- 6 || total
-------------------------+-------+-------++-------
Melee: Unarmed           |     7 |       ||     7
 Cast: Magic Dart        |   102 |    26 ||   128
  Eat: Chunk             |     3 |       ||     3
       Meat ration       |       |     1 ||     1
